 Dungeon Crawl Stone Soup version 0.22-a0-281-g2e20325899 (webtiles) character file.

33 Manul the Skirmisher (level 3, 0/29 HPs)
             Began as a Demonspawn Monk on Mar 17, 2018.
             Slain by a goblin
             ... wielding a +0 dagger
             ... led by Robin
              (3 damage)
             ... on level 2 of the Dungeon.
             The game lasted 00:01:26 (1653 turns).

Manul the Skirmisher (Demonspawn Monk)              Turns: 1653, Time: 00:01:27

Health: 0/29       AC:  4    Str: 12    XL:     3   Next: 12%
Magic:  3/3        EV: 11    Int: 11    God:
Gold:   84         SH:  0    Dex: 15    Spells: 2/2 levels left

rFire    . . .     SeeInvis .     - Unarmed
rCold    . . .     Gourm    .   (no shield)
rNeg     . . .     Faith    .   i - +0 ring mail
rPois    .         Spirit   .   (no helmet)
rElec    .         Reflect  .   (no cloak)
rCorr    .         Harm     .   (no gloves)
MR       .....                  (no boots)
Stlth    +.........             (no amulet)
HPRegen  0.09/turn              d - -3 ring of protection (curse)
MPRegen  0.08/turn              (no ring)

@: no status effects
A: thin metallic scales 1, rot immunity
a: no special abilities


You were on level 2 of the Dungeon.
You were not hungry.

You visited 1 branch of the dungeon, and saw 3 of its levels.

You collected 84 gold pieces.

Inventory:

Hand Weapons
 e - a +0 short sword of speed
Armour
 a - a +0 robe
 g - a +0 leather armour
 i - a +0 ring mail (worn)
Jewellery
 d - a cursed -3 ring of protection (left hand)
Scrolls
 f - 2 scrolls of identify
 h - 2 scrolls of magic mapping
Comestibles
 b - a ration
 c - a chunk of flesh


   Skills:
 + Level 3.3 Fighting
 + Level 3.0 Dodging
 + Level 1.9 Stealth
 + Level 3.3 Unarmed Combat


You had 2 spell levels left.
You didn't know any spells.

Dungeon Overview and Level Annotations

Branches:
Dungeon (3/15)

Altars:

Annotations:
D:2 Robin


Innate Abilities, Weirdness & Mutations

You are partially covered in thin metallic scales. (AC +2)
You are immune to rotting.


Message History

The goblin is severely wounded.
The goblin barely misses you. The goblin hits you but does no damage.
Robin barely misses you.
You miss the goblin.
The goblin is severely wounded.
The goblin hits you but does no damage. The goblin barely misses you.
Robin hits you from afar with a spear.
You aren't carrying any potions.
You aren't carrying any potions.
Okay, then.
You aren't carrying any items that you can evoke.
You barely miss the goblin.
The goblin is severely wounded.
The goblin hits you but does no damage. The goblin hits you with a whip.
Robin hits you from afar with a spear.
* * * LOW HITPOINT WARNING * * *
You hit the goblin.
You kill the goblin!
The goblin hits you with a dagger.
You die...

#.##.........#
#.).....
#.##.........#
#.......
#.##.........#
######..
#.##.........# ###
#.##.........#
#.##.........#####
#.##.............#
#.######g........#
#....)@gg........#
########gg.......#
#.(.....(.#
##'########


.gg ...g. ......g ........g ........... You could see Robin, a hobgoblin and 3
goblins.

Vanquished Creatures
  A worm (D:2)
  A dart slug (D:2)
  A giant cockroach (D:1)
  7 goblins
  A hobgoblin (D:2)
  A jackal (D:2)
  4 kobolds
  7 bats
  3 frilled lizards
26 creatures vanquished.

Notes
Turn   | Place    | Note
-------+----------+-------------------------------------------
     0 | D:1      | Manul the Demonspawn Monk began the quest for the Orb.
     0 | D:1      | Reached XP level 1. HP: 18/18 MP: 1/1
   282 | D:2      | Gained mutation: You are immune to rotting. [demonic ancestry]
   282 | D:2      | Reached XP level 2. HP: 6/24 MP: 2/2
  1324 | D:3      | Noticed a scorpion
  1348 | D:2      | Gained mutation: You are partially covered in thin metallic scales. (AC +2) [demonic ancestry]
  1348 | D:2      | Reached XP level 3. HP: 20/29 MP: 3/3
  1638 | D:2      | Noticed Robin
  1653 | D:2      | Slain by a goblin

Vault maps used:
D:1:      dpeg_arrival_orchard
D:2:      uniq_robin
D:3:      lemuel_crystal_altar, first_ration, minmay_misc_feat_four_crosses

Skill      XL: |  1  2 |
---------------+-------+-----
Unarmed Combat | 3 |  3.3
Dodging        | 3 |  3.0
Fighting       | |  3.3
Stealth        | |  1.9

Action                   || total
-------------------------++-------
Melee: Unarmed           ||   101
  Use: Scroll            ||     3
 Stab: Sleeping          ||     1
  Eat: Chunk             ||     2
Armor: Robe              ||    11
       Ring mail         ||    14
Dodge: Dodged            ||    67

Table legend:
 A = Spawn XP
 B = Non-spawn XP
 C = Spawn XP percentage of total XP
 D = Spawn monster count
 E = Non-spawn monster count
 F = Spawn count percentage of total count
 G = Total turns spent on level
                    A         B        C        D         E        F      G
               +---------+---------+-------+---------+---------+-------+---------
         Total |       0 |      48 |   0.0 |       0 |      26 |   0.0 |  1653
               +---------+---------+-------+---------+---------+-------+---------
           D:1 |       0 |      10 |   0.0 |       0 |       6 |   0.0 |   280
           D:2 |       0 |      38 |   0.0 |       0 |      20 |   0.0 |  1371
               +---------+---------+-------+---------+---------+-------+---------
